SNL (28 & UNDER)
KEY WEST BARRACUDAS @ GAINESVILLE GUIDOS
05/12/2028
 
TOP OF THE 1ST
Key West Barracudas batting - Pitching for Gainesville Guidos : LHP Kelly Henry
Pitching: LHP Kelly Henry
Batting: SHB Héctor Jiménez 0-0: Ground out 5-3 (Groundball, 56S)
Batting: RHB Steve Gómez 0-0: Called Strike
0-1: Ball
1-1: Ball
2-1: Ball
3-1: Called Strike
3-2: Ground out 4-3 (Groundball, 4)
Batting: RHB Frederick Chamberlain 0-0: Called Strike
0-1: Swinging Strike
0-2: Strikes out swinging
Top of the 1st over - 0 run(s), 0 hit(s), 0 error(s), 0 left on base; Key West 0 - Gainesville 0
BOTTOM OF THE 1ST
Gainesville Guidos batting - Pitching for Key West Barracudas : RHP George Bennion
Pitching: RHP George Bennion
Batting: SHB Cornell Payne 0-0: Called Strike
0-1: SINGLE (Flyball, 8RS)
Batting: RHB Doug Coleman 0-0: Ball
Wild Pitch!
Cornell Payne to second
1-0: Foul Ball, location: 2F
1-1: Ball
2-1: Ball
3-1: Swinging Strike
3-2: Foul Ball, location: 2F
3-2: SINGLE (Groundball, 6MD)
Cornell Payne to third
Batting: RHB Kyle O'Day 0-0: DOUBLE (Line Drive, 8RXD)
Cornell Payne scores
Doug Coleman to third
Batting: RHB Augusto Baca 0-0: Ball
1-0: SINGLE (Line Drive, 34D)
Doug Coleman scores
Kyle O'Day to third
Runner from 3rd tries for Home, SAFE, no throw
Batting: RHB Denver Baker 0-0: Foul Ball, location: 2F
0-1: Foul Ball, location: 2F
0-2: Foul Ball, location: 2F
0-2: DOUBLE (Line Drive, 7LD)
Augusto Baca to third
Batting: LHB Pedro Juárez 0-0: SINGLE (Groundball, 6D)
Augusto Baca scores
Denver Baker to third
Runner from 3rd tries for Home, SAFE, no throw
Batting: RHB Juan Reyes 0-0: Ball
1-0: Ball
Wild Pitch!
Pedro Juárez to second
2-0: Called Strike
2-1: Swinging Strike
Passed Ball!
Pedro Juárez to third
2-2: SINGLE (Flyball, 9S)
Pedro Juárez scores
Batting: LHB Eddy Jefferson 0-0: Foul Ball, location: 2F
0-1: Ball
1-1: Foul Ball, location: 2F
1-2: Foul Ball, location: 2F
1-2: 2-RUN HOME RUN (Flyball, 9D), Distance : 358 ft
Pitching: RHP Dennis Grange
Batting: RHB Adrián López 0-0: Ground out 5-3 (Groundball, 56S)
Batting: SHB Cornell Payne 0-0: Called Strike
0-1: Foul Ball, location: 2F
0-2: Foul Ball, location: 2F
0-2: Ball
1-2: Strikes out swinging
Batting: RHB Doug Coleman 0-0: Ball
1-0: Ball
2-0: Ball
3-0: Base on Balls
Batting: RHB Kyle O'Day 0-0: Called Strike
0-1: Foul Ball, location: 2F
0-2: Ball
1-2: Ball
2-2: Fly out, F7 (Flyball, 78M)
Bottom of the 1st over - 8 run(s), 8 hit(s), 0 error(s), 1 left on base; Key West 0 - Gainesville 8
TOP OF THE 2ND
Key West Barracudas batting - Pitching for Gainesville Guidos : LHP Kelly Henry
Batting: RHB Anastasio Zartuche 0-0: Ball
1-0: Ground out 6-3 (Groundball, 6)
Batting: RHB Ramón Díaz 0-0: Ball
1-0: DOUBLE (Flyball, 9D)
Batting: SHB Jacob Knapp 0-0: Ball
1-0: Foul Ball, location: 2F
1-1: Ball
2-1: SINGLE (Groundball, 34D)
Ramón Díaz to third
Runner from 3rd tries for Home, throw and OUT!
Batting: LHB Juan Acotia 0-0: 2-RUN HOME RUN (Flyball, 9D), Distance : 361 ft
Batting: SHB Rodney Birling 0-0: Called Strike
0-1: Ball
1-1: Ball
2-1: Foul Ball, location: 2F
2-2: Fly out, F9 (Flyball, 9LM)
Top of the 2nd over - 2 run(s), 3 hit(s), 0 error(s), 0 left on base; Key West 2 - Gainesville 8
BOTTOM OF THE 2ND
Gainesville Guidos batting - Pitching for Key West Barracudas : RHP Dennis Grange
Batting: RHB Augusto Baca 0-0: Ball
1-0: Called Strike
1-1: Ball
2-1: Ball
3-1: Foul Ball, location: 2F
3-2: SINGLE (Line Drive, 7S)
Batting: RHB Denver Baker 0-0: Swinging Strike
0-1: Swinging Strike
0-2: Fly out, F8 (Flyball, 8LS)
Batting: LHB Pedro Juárez 0-0: Ball
1-0: Grounds into double play, 4-6-3 (Groundball, 4M)
Bottom of the 2nd over - 0 run(s), 1 hit(s), 0 error(s), 0 left on base; Key West 2 - Gainesville 8
TOP OF THE 3RD
Key West Barracudas batting - Pitching for Gainesville Guidos : LHP Kelly Henry
Batting: RHB Júlio Cruz 0-0: Swinging Strike
0-1: Swinging Strike
0-2: Foul Ball, location: 2F
0-2: Ball
1-2: Strikes out swinging
Batting: SHB Héctor Jiménez 0-0: Called Strike
0-1: Foul Ball, location: 2F
0-2: Foul Ball, location: 2F
0-2: Ground out 6-3 (Groundball, 6)
Batting: RHB Steve Gómez 0-0: Called Strike
0-1: Ball
1-1: Fly out, F8 (Flyball, 8RD)
Top of the 3rd over - 0 run(s), 0 hit(s), 0 error(s), 0 left on base; Key West 2 - Gainesville 8
BOTTOM OF THE 3RD
Gainesville Guidos batting - Pitching for Key West Barracudas : RHP Dennis Grange
Batting: RHB Juan Reyes 0-0: Ball
1-0: Foul Ball, location: 2F
1-1: Ball
2-1: Called Strike
2-2: Foul Ball, location: 2F
2-2: Foul Ball, location: 2F
2-2: Ball
3-2: Base on Balls
Batting: LHB Eddy Jefferson 0-0: Called Strike
0-1: Foul Ball, location: 2F
0-2: Foul Ball, location: 2F
0-2: Ball
1-2: Grounds into double play, 6-4-3 (Groundball, 6D)
Batting: RHB Adrián López 0-0: Called Strike
0-1: Ball
1-1: Called Strike
1-2: Ball
2-2: Ground out 6-3 (Groundball, 6)
Bottom of the 3rd over - 0 run(s), 0 hit(s), 0 error(s), 0 left on base; Key West 2 - Gainesville 8
TOP OF THE 4TH
Key West Barracudas batting - Pitching for Gainesville Guidos : LHP Kelly Henry
Batting: RHB Frederick Chamberlain 0-0: Ball
1-0: Ball
2-0: Fly out, F7 (Flyball, 7S)
Batting: RHB Anastasio Zartuche 0-0: Called Strike
0-1: Foul Ball, location: 2F
0-2: Ground out 6-3 (Groundball, 6)
Pitching: RHP Gustavo Ávila
Batting: RHB Ramón Díaz 0-0: Ball
1-0: SINGLE (Groundball, 56D)
Batting: SHB Jacob Knapp 0-0: Ball
1-0: Fielders Choice at 2nd, 6-4 (Groundball, 6D)
Top of the 4th over - 0 run(s), 1 hit(s), 0 error(s), 0 left on base; Key West 2 - Gainesville 8
BOTTOM OF THE 4TH
Gainesville Guidos batting - Pitching for Key West Barracudas : RHP Dennis Grange
Batting: SHB Cornell Payne 0-0: Called Strike
0-1: Swinging Strike
0-2: Ball
1-2: Ball
2-2: Ball
3-2: Base on Balls
Pitching: RHP Gabe Lewis
Batting: RHB Doug Coleman 0-0: Called Strike
0-1: Grounds into double play, 6-4-3 (Groundball, 6)
Batting: RHB Kyle O'Day 0-0: Swinging Strike
0-1: Ball
1-1: Swinging Strike
1-2: Foul Ball, location: 2F
1-2: Strikes out swinging
Bottom of the 4th over - 0 run(s), 0 hit(s), 0 error(s), 0 left on base; Key West 2 - Gainesville 8
TOP OF THE 5TH
Key West Barracudas batting - Pitching for Gainesville Guidos : RHP Gustavo Ávila
Batting: LHB Juan Acotia 0-0: Swinging Strike
0-1: Ground out 4-3 (Groundball, 4)
Batting: SHB Rodney Birling 0-0: Ball
1-0: Foul Ball, location: 2F
1-1: Called Strike
1-2: Ball
2-2: Ball
3-2: Base on Balls
Batting: RHB Júlio Cruz 0-0: Ball
1-0: Grounds into double play, 5-4-3 (Groundball, 56)
Top of the 5th over - 0 run(s), 0 hit(s), 0 error(s), 0 left on base; Key West 2 - Gainesville 8
BOTTOM OF THE 5TH
Gainesville Guidos batting - Pitching for Key West Barracudas : RHP Gabe Lewis
Batting: RHB Augusto Baca 0-0: Called Strike
0-1: Foul Ball, location: 2F
0-2: Ball
1-2: Foul Ball, location: 2F
1-2: Strikes out looking
Batting: RHB Denver Baker 0-0: Foul Ball, location: 2F
0-1: Ball
1-1: Ball
2-1: Ground out 6-3 (Groundball, 6)
Batting: LHB Pedro Juárez 0-0: Ball
1-0: Foul Ball, location: 2F
1-1: Swinging Strike
1-2: DOUBLE (Flyball, 78D)
Batting: RHB Juan Reyes 0-0: Ball
1-0: Ball
2-0: Ball
3-0: Base on Balls
Batting: LHB Eddy Jefferson 0-0: Ball
1-0: Foul Ball, location: 2F
1-1: Fielders Choice at 2nd, U6 (Groundball, 6M)
Bottom of the 5th over - 0 run(s), 1 hit(s), 0 error(s), 2 left on base; Key West 2 - Gainesville 8
TOP OF THE 6TH
Key West Barracudas batting - Pitching for Gainesville Guidos : RHP Gustavo Ávila
Batting: SHB Héctor Jiménez 0-0: Ball
1-0: SINGLE (Groundball, 34D)
Batting: RHB Steve Gómez 0-0: Swinging Strike
0-1: Ball
1-1: Ball
2-1: Foul Ball, location: 2F
2-2: Foul Ball, location: 2F
2-2: Ball
3-2: Strikes out swinging
Batting: RHB Frederick Chamberlain 0-0: Ball
1-0: Ball
2-0: Foul Ball, location: 2F
2-1: Fly out, F4 (Line Drive, 4)
Batting: RHB Anastasio Zartuche 0-0: Ball
1-0: Ball
2-0: Foul Ball, location: 2F
2-1: Ball
3-1: Foul Ball, location: 2F
3-2: Foul Ball, location: 2F
3-2: SINGLE (Line Drive, 4MD)
Héctor Jiménez to second
Héctor Jiménez to third
Batting: RHB Ramón Díaz 0-0: Ball
1-0: Ground out 1-3 (Groundball, P)
Top of the 6th over - 0 run(s), 2 hit(s), 0 error(s), 2 left on base; Key West 2 - Gainesville 8
BOTTOM OF THE 6TH
Gainesville Guidos batting - Pitching for Key West Barracudas : RHP Gabe Lewis
Batting: RHB Adrián López 0-0: Ground out 6-3 (Groundball, 6M)
Batting: SHB Cornell Payne 0-0: Ball
1-0: Ball
2-0: Ball
3-0: Called Strike
3-1: Foul Ball, location: 2F
3-2: Foul Ball, location: 2F
3-2: Fly out, F9 (Flyball, 9D)
Batting: RHB Doug Coleman 0-0: Called Strike
0-1: Ball
1-1: Ball
2-1: Called Strike
2-2: Ball
3-2: Ground out 6-3 (Groundball, 6)
Bottom of the 6th over - 0 run(s), 0 hit(s), 0 error(s), 0 left on base; Key West 2 - Gainesville 8
TOP OF THE 7TH
Key West Barracudas batting - Pitching for Gainesville Guidos : RHP Gustavo Ávila
Pitching: RHP Salvador De Jesús
Batting: SHB Jacob Knapp 0-0: Ball
1-0: Called Strike
1-1: Ground out 3-1 (Groundball, 34)
Batting: LHB Juan Acotia 0-0: Ball
1-0: SINGLE (Flyball, 7S)
Batting: SHB Rodney Birling 0-0: Ball
1-0: Fielders Choice at 2nd, 6-4 (Groundball, 6)
Batting: RHB Júlio Cruz 0-0: Fly out, F8 (Flyball, 8RM)
Top of the 7th over - 0 run(s), 1 hit(s), 0 error(s), 1 left on base; Key West 2 - Gainesville 8
BOTTOM OF THE 7TH
Gainesville Guidos batting - Pitching for Key West Barracudas : RHP Gabe Lewis
Pitching: LHP Josh Chamberlain
Batting: RHB Kyle O'Day 0-0: SOLO HOME RUN (Flyball, 78XD), Distance : 397 ft
Batting: RHB Augusto Baca 0-0: Ball
1-0: Foul Ball, location: 2F
1-1: Foul Ball, location: 2F
1-2: Ball
2-2: Ground out 5-3 (Groundball, 56)
Batting: RHB Denver Baker 0-0: Ball
1-0: Called Strike
1-1: Ball
2-1: Ground out 6-3 (Groundball, 6)
Batting: LHB Pedro Juárez 0-0: Ball
1-0: Fly out, F8 (Flyball, 8LS)
Bottom of the 7th over - 1 run(s), 1 hit(s), 0 error(s), 0 left on base; Key West 2 - Gainesville 9
TOP OF THE 8TH
Key West Barracudas batting - Pitching for Gainesville Guidos : RHP Salvador De Jesús
Now in LF: Robbie Turner
Batting: SHB Héctor Jiménez 0-0: Ball
1-0: Called Strike
1-1: SINGLE (Groundball, 34D)
Batting: RHB Steve Gómez 0-0: Called Strike
0-1: Swinging Strike
0-2: Strikes out swinging
Batting: RHB Frederick Chamberlain 0-0: Ball
1-0: Called Strike
1-1: Foul Ball, location: 2F
1-2: Foul Ball, location: 2F
1-2: Strikes out swinging
Batting: RHB Anastasio Zartuche 0-0: SINGLE (Groundball, 6D)
Héctor Jiménez to second
Batting: RHB Ramón Díaz 0-0: Called Strike
0-1: Ball
1-1: Ball
2-1: Ball
Wild Pitch!
Héctor Jiménez to third
Anastasio Zartuche to second
3-1: Base on Balls
Batting: SHB Jacob Knapp 0-0: Ball
1-0: Ball
2-0: Called Strike
2-1: Foul Ball, location: 2F
2-2: Ground out U3 (Groundball, 34)
Top of the 8th over - 0 run(s), 2 hit(s), 0 error(s), 3 left on base; Key West 2 - Gainesville 9
BOTTOM OF THE 8TH
Gainesville Guidos batting - Pitching for Key West Barracudas : LHP Josh Chamberlain
Pinch Hitting: RHB Dave Hall 0-0: Ball
1-0: Ball
2-0: Foul Ball, location: 2F
2-1: Foul Ball, location: 2F
2-2: Foul Ball, location: 2F
2-2: Ball
3-2: Reached on error, E3 (Groundball, 34)
Batting: LHB Eddy Jefferson 0-0: Foul Ball, location: 2F
0-1: SINGLE (Line Drive, 9LM)
Dave Hall to second
Batting: RHB Adrián López 0-0: Swinging Strike
0-1: Ground out 2-3 (Groundball, 15S)
Dave Hall to third
Eddy Jefferson to second
Batting: SHB Cornell Payne 0-0: Ball
1-0: Swinging Strike
1-1: Swinging Strike
1-2: Ball
2-2: Strikes out swinging
Batting: RHB Doug Coleman 0-0: SINGLE (Line Drive, 56D)
Dave Hall scores
Eddy Jefferson to third
Runner from 3rd tries for Home, SAFE, no throw
Batting: LHB Robbie Turner 0-0: Called Strike
0-1: Foul Ball, location: 2F
0-2: Strikes out swinging
Bottom of the 8th over - 2 run(s), 2 hit(s), 1 error(s), 1 left on base; Key West 2 - Gainesville 11
TOP OF THE 9TH
Key West Barracudas batting - Pitching for Gainesville Guidos : RHP Salvador De Jesús
Pitching: RHP Víctor Viña
Now at C: Scott Young
Now at 2B: Dave Hall
Batting: LHB Juan Acotia 0-0: Foul Ball, location: 2F
0-1: Ball
1-1: SINGLE (Groundball, 4MD)
Batting: SHB Rodney Birling 0-0: Called Strike
0-1: Ball
1-1: Grounds into double play, 4-6-3 (Groundball, 4)
Batting: RHB Júlio Cruz 0-0: Ball
1-0: Ball
2-0: Ball
3-0: Called Strike
3-1: Ground out U3 (Groundball, 34)
Top of the 9th over - 0 run(s), 1 hit(s), 0 error(s), 0 left on base; Key West 2 - Gainesville 11
Tuesday, August 8th, 2017 - OOTP Baseball 17.12 Build 75